 Dungeon Crawl Stone Soup version 0.22-a0-419-g492bfec (webtiles) character file.

236 KristoblXynda the Sneak (level 6, -2/56 HPs)
             Began as a Naga Monk on May 15, 2018.
             Slain by a goblin
             ... wielding a +0 club
             ... led by Robin
              (4 damage)
             ... on level 2 of the Dungeon.
             The game lasted 00:03:58 (2252 turns).

KristoblXynda the Sneak (Naga Monk)                 Turns: 2252, Time: 00:03:59

Health: -2/56      AC:  6    Str: 14    XL:     6   Next: 6%
Magic:  6/6        EV:  9    Int: 12    God:
Gold:   48         SH:  0    Dex: 13    Spells: 5/5 levels left

rFire    . . .     SeeInvis +   a - +0 falchion
rCold    + + .     Gourm    .   (no shield)
rNeg     . . .     Faith    .   m - +2 ring mail {rC+}
rPois    +         Spirit   .   (no helmet)
rElec    .         Reflect  .   (no cloak)
rCorr    .         Harm     .   (no gloves)
MR       .....                  (no barding)
Stlth    ++........             (no amulet)
HPRegen  0.18/turn              j - ring of protection from cold
MPRegen  0.10/turn              (no ring)

@: short of breath, very slow
A: large, see invisible, deformed body, poison resistance, slowness 2, slow
metabolism 1, spit poison 1, AC +2
a: Spit Poison


You were on level 2 of the Dungeon.
You were not hungry.

You visited 1 branch of the dungeon, and saw 2 of its levels.

You collected 48 gold pieces.

Inventory:

Hand Weapons
 a - a +0 falchion (weapon)
Missiles
 o - a javelin (quivered)
Armour
 m - a +2 ring mail of cold resistance (worn)
Jewellery
 j - a ring of protection from cold (left hand)
Scrolls
 d - a scroll of identify
 g - a scroll of magic mapping {unknown}
 h - a scroll of fear {unknown}
 i - a scroll of teleportation
 k - 2 scrolls of enchant weapon {unknown}
 l - a scroll of fog {unknown}
 n - 2 scrolls of blinking {unknown}
Potions
 e - a potion of mutation
 f - a potion of resistance
Comestibles
 b - a chunk of flesh
 c - 3 rations


   Skills:
 - Level 3.0 Fighting
 * Level 5.1 Long Blades
 + Level 3.3 Dodging
 + Level 5.3 Stealth


You had 5 spell levels left.
You didn't know any spells.
Your spell library was empty.

Dungeon Overview and Level Annotations

Branches:
Dungeon (2/15)

Altars:

Annotations:
D:2 Robin


Innate Abilities, Weirdness & Mutations

You cannot wear boots.
Your serpentine skin is tough. (AC +2)
You have supernaturally acute eyesight. (SInv)
Armour fits poorly on your strangely shaped body.
Your system is resistant to poisons. (rPois)
You cover ground very slowly.
You have a slow metabolism.
You can spit poison.


Message History

* * * LOW HITPOINT WARNING * * *
Unknown command.
Press: ? - help, Shift-Dir - straight line, p - Robin The splash of poison hits Robin.
Robin is severely wounded.
You feel slightly more hungry. The goblin hits you.
* * * LOW HITPOINT WARNING * * *
The goblin hits you but does no damage. Robin throws the goblin at you!
Unknown command.
Throwing (i - inventory)
o - 2 javelins (quivered)
Press: ? - help, Shift-Dir - straight line You throw a javelin.
The javelin hits Robin.
Robin is almost dead.
The goblin hits you.
* * * LOW HITPOINT WARNING * * *
The goblin hits you with a club.
* * * LOW HITPOINT WARNING * * *
Robin hits you but does no damage. The goblin closely misses you.
The goblin hits you with a club.
You die...

##.#.####### #.....# #...#######
...........###.....####...##.....
............รท'.....'..'...)......
...#.....#.###.....####...##.....
####...#.#.# #.....# #...##.....
#.......#.# #.....# #...##.....
#.##....#.#################.....
#.##.#.....#..)##....# #.....
#....#..#..#..g@g....# #.....
######..#..#..g)#....# ######
#[.#.......# ...# ##)#.##...## ..#
#####...##...# .#
####.......##...# #
.......##..##...# ######
.....#.##..##...# #.....
.###.#.##..##...### #.....


You could see Robin and 2 goblins.

Vanquished Creatures
  Sigmund (D:2)
  3 adders (D:2)
  A dart slug (D:1)
  5 leopard geckos
  2 bats (D:2)
  9 goblins
  6 hobgoblins
  6 kobolds
  A quokka (D:2)
  5 frilled lizards
  4 rats (D:1)
43 creatures vanquished.

Notes
Turn   | Place    | Note
-------+----------+-------------------------------------------
     0 | D:1      | KristoblXynda the Naga Monk began the quest for the Orb.
     0 | D:1      | Reached XP level 1. HP: 21/21 MP: 1/1
   170 | D:1      | Reached XP level 2. HP: 15/28 MP: 2/2
  1296 | D:2      | Reached XP level 3. HP: 33/34 MP: 3/3
  1410 | D:2      | Reached XP level 4. HP: 30/42 MP: 4/4
  1789 | D:2      | Noticed Sigmund
  2072 | D:2      | Killed Sigmund
  2072 | D:2      | Reached skill level 5 in Long Blades
  2072 | D:2      | Reached skill level 5 in Stealth
  2072 | D:2      | Reached XP level 5. HP: 41/49 MP: 5/5
  2072 | D:2      | Reached XP level 6. HP: 47/56 MP: 6/6
  2227 | D:2      | Noticed Robin
  2252 | D:2      | HP: 2/56 [goblin/club[Robin] (5)]
  2252 | D:2      | Slain by a goblin

Vault maps used:
D:1:      minmay_arrival_hallway, serial_bayou_pond_a, minmay_domino_2
D:2:      chequers_temple_overflow_statue_of_worship, uniq_sigmund, uniq_robin

Skill      XL: |  1  2  3  4 |
---------------+-------------+-----
Stealth        | 4 5 |  5.3
Long Blades    | 4 5 |  5.1
Dodging        | 3 |  3.3
Fighting       | |  3.0

Action                   |  1- 3 |  4- 6 || total
-------------------------+-------+-------++-------
Melee: Falchion          |    78 |    51 ||   129
Throw: Javelin           |       |     3 ||     3
 Abil: Spit Poison       |     9 |     8 ||    17
  Use: Scroll            |     2 |     1 ||     3
 Stab: Sleeping          |     4 |     2 ||     6
  Eat: Chunk             |     1 |     3 ||     4
Armor: Robe              |     8 |       ||     8
       Ring mail         |       |    22 ||    22
Dodge: Dodged            |    59 |    40 ||    99
       Rpst.: Falchion   |    22 |    11 ||    33

Table legend:
 A = Spawn XP
 B = Non-spawn XP
 C = Spawn XP percentage of total XP
 D = Spawn monster count
 E = Non-spawn monster count
 F = Spawn count percentage of total count
 G = Total turns spent on level
                    A         B        C        D         E        F      G
               +---------+---------+-------+---------+---------+-------+---------
         Total |       0 |     338 |   0.0 |       0 |      43 |   0.0 |  2252
               +---------+---------+-------+---------+---------+-------+---------
           D:1 |       0 |      31 |   0.0 |       0 |      19 |   0.0 |  1203
           D:2 |       0 |     307 |   0.0 |       0 |      24 |   0.0 |  1049
               +---------+---------+-------+---------+---------+-------+---------
